TOP OF THE 1ST |
Bozeman Pheasants batting - Pitching for Magic Valley Magicians : RHP Bill Boddy
|
Pitching: RHP Bill Boddy
|
|
Batting: LHB Kal Daniels
|
0-0: Ball 1-0: Ball 2-0: Called Strike 2-1: Ball 3-1: Base on Balls
|
Batting: SHB Marlin Methven
|
0-0: DOUBLE (Flyball, 8LD, EV 102.5 MPH) Kal Daniels to third
|
Batting: LHB Fred McGriff
|
0-0: Ball 1-0: Ball 2-0: Called Strike 2-1: SINGLE (Flyball, 5D, EV 91.9 MPH) Kal Daniels scores Marlin Methven to third
|
Batting: RHB Terry McGriff
|
0-0: Ball 1-0: Ball 2-0: Called Strike 2-1: Fly out, F7 (Flyball, 7LM, EV 100.6 MPH) Runner from 3rd tags up, SCORES, throw by LF
|
Batting: LHB Russ Orrick
|
0-0: Swinging Strike 0-1: Ball Wild Pitch! Fred McGriff to second 1-1: Called Strike 1-2: Hit by Pitch
|
Batting: LHB Billy Fink
|
0-0: Called Strike 0-1: Foul Ball, location: 2F 0-2: Ball 1-2: TRIPLE (Flyball, 78XD, EV 106.3 MPH) Fred McGriff scores Russ Orrick scores
|
Batting: RHB Tom Duggan
|
0-0: Called Strike 0-1: Foul Ball, location: 2F 0-2: Ball 1-2: Ball 2-2: Ball 3-2: SINGLE (Groundball, 6MS, EV 68.8 MPH) (infield hit) Billy Fink scores
|
Batting: RHB Greg Toler
|
0-0: Called Strike 0-1: Ball 1-1: DOUBLE (Flyball, 78XD, EV 99.4 MPH) Tom Duggan to third Runner from 3rd tries for Home, SAFE, throw by CF to home
|
Batting: RHB John Duncan
|
0-0: Ball 1-0: Called Strike 1-1: Called Strike 1-2: Ball 2-2: Ball 3-2: Base on Balls
|
Batting: LHB Kal Daniels
|
0-0: Ball 1-0: Ball 2-0: Called Strike 2-1: Ball Wild Pitch! Greg Toler to third John Duncan to second 3-1: SINGLE (Line Drive, 89S, EV 94.4 MPH) Greg Toler scores John Duncan to third
|
Batting: SHB Marlin Methven
|
0-0: SINGLE (Groundball, 4MD, EV 101.9 MPH) (infield hit) John Duncan scores Kal Daniels to second
|
Pitching: RHP Kevin Aitcheson
|
|
Batting: LHB Fred McGriff
|
0-0: Ball 1-0: Swinging Strike 1-1: Ball 2-1: Foul Ball, location: 2F 2-2: Foul Ball, location: 2F 2-2: SINGLE (Groundball, 6MD, EV 93.8 MPH) Kal Daniels to third Marlin Methven to second Runner from 3rd tries for Home, SAFE, throw by CF to home Marlin Methven to third Fred McGriff to second
|
Batting: RHB Terry McGriff
|
0-0: Ground out 2-3 (Groundball, 2L, EV 72.5 MPH)
|
Batting: LHB Russ Orrick
|
0-0: Called Strike 0-1: Ground out 4-3 (Groundball, 4, EV 90.6 MPH)
|
Top of the 1st over - 9 runs, 8 hits, 0 errors, 2 left on base; Bozeman 9 - Magic Valley 0 |
BOTTOM OF THE 1ST |
Magic Valley Magicians batting - Pitching for Bozeman Pheasants : RHP Tim Dodd
|
Pitching: RHP Tim Dodd
|
|
Batting: RHB Willie Lozado
|
0-0: Ball 1-0: Swinging Strike 1-1: Swinging Strike 1-2: Ground out 3-1 (Groundball, 34, EV 87.5 MPH)
|
Batting: RHB Marlin McPhail
|
0-0: Called Strike 0-1: Foul Ball, location: 2F 0-2: Ball 1-2: Fly out, F7 (Line Drive, 7D, EV 103.8 MPH)
|
Batting: RHB Matt Cimo
|
0-0: Ball 1-0: Called Strike 1-1: Called Strike 1-2: Ground out 5-3 (Groundball, 56S, EV 80.6 MPH)
|
Bottom of the 1st over - 0 runs, 0 hits, 0 errors, 0 left on base; Bozeman 9 - Magic Valley 0 |
TOP OF THE 2ND |
Bozeman Pheasants batting - Pitching for Magic Valley Magicians : RHP Kevin Aitcheson
|
Batting: LHB Billy Fink
|
0-0: Called Strike 0-1: Called Strike 0-2: Ball 1-2: Ball 2-2: Ball 3-2: Foul Ball, location: 2F 3-2: Ground out 1-3 (Groundball, 13S, EV 71.3 MPH)
|
Batting: RHB Tom Duggan
|
0-0: Ball 1-0: Ball 2-0: Ball 3-0: Called Strike 3-1: Base on Balls
|
Batting: RHB Greg Toler
|
0-0: Ball 1-0: Called Strike Balk! Tom Duggan to second 1-1: Ground out U3 (Groundball, 3, EV 81.9 MPH) Tom Duggan to third
|
Batting: RHB John Duncan
|
0-0: Ball 1-0: Swinging Strike 1-1: Called Strike 1-2: SINGLE (Line Drive, 78S, EV 105.0 MPH) Tom Duggan scores
|
Batting: LHB Kal Daniels
|
0-0: Ball 1-0: Swinging Strike 1-1: Swinging Strike 1-2: DOUBLE (Line Drive, 3D, EV 97.5 MPH) John Duncan to third Runner from 3rd tries for Home, throw by RF and OUT! 9-4-2
|
Top of the 2nd over - 1 run, 2 hits, 0 errors, 1 left on base; Bozeman 10 - Magic Valley 0 |
BOTTOM OF THE 2ND |
Magic Valley Magicians batting - Pitching for Bozeman Pheasants : RHP Tim Dodd
|
Batting: RHB Jason Felice
|
0-0: Ball 1-0: Ball 2-0: Ball 3-0: Base on Balls
|
Batting: RHB Terry Steinbach
|
0-0: Ball Jason Felice steals 2nd base (no throw) 1-0: SINGLE (Groundball, 34D, EV 95.0 MPH) Jason Felice to third Runner from 3rd tries for Home, SAFE, throw by RF to home
|
Batting: RHB Kevin Ward
|
0-0: Ball 1-0: Ball 2-0: Foul Ball, location: 2F 2-1: Swinging Strike 2-2: Fly out, F6 (Flyball, 6D, EV 82.5 MPH)
|
Batting: RHB Hank Landers
|
0-0: Swinging Strike 0-1: Called Strike 0-2: Ball 1-2: Fly out, F9 (Flyball, 89M, EV 77.5 MPH)
|
Batting: RHB Terry Edwards
|
0-0: Called Strike 0-1: Ball 1-1: Swinging Strike 1-2: SINGLE (Groundball, 5D, EV 101.3 MPH) Terry Steinbach to second
|
Batting: RHB Kenny Houp
|
0-0: Ball 1-0: Ground out 4-3 (Groundball, 34, EV 82.5 MPH)
|
Bottom of the 2nd over - 1 run, 2 hits, 0 errors, 2 left on base; Bozeman 10 - Magic Valley 1 |
TOP OF THE 3RD |
Bozeman Pheasants batting - Pitching for Magic Valley Magicians : RHP Kevin Aitcheson
|
Batting: SHB Marlin Methven
|
0-0: Ball 1-0: Ball 2-0: Called Strike 2-1: Fly out, F8 (Flyball, 8LD, EV 103.1 MPH)
|
Batting: LHB Fred McGriff
|
0-0: Called Strike 0-1: Ball 1-1: Ball 2-1: Fly out, F8 (Flyball, 8LM, EV 79.4 MPH)
|
Batting: RHB Terry McGriff
|
0-0: Ball 1-0: Ball 2-0: Ball 3-0: Base on Balls
|
Batting: LHB Russ Orrick
|
0-0: Fly out, F7 (Flyball, 78D, EV 105.0 MPH)
|
Top of the 3rd over - 0 runs, 0 hits, 0 errors, 1 left on base; Bozeman 10 - Magic Valley 1 |
BOTTOM OF THE 3RD |
Magic Valley Magicians batting - Pitching for Bozeman Pheasants : RHP Tim Dodd
|
Batting: RHB Willie Lozado
|
0-0: Ball 1-0: Foul Ball, location: 2F 1-1: Foul Ball, location: 2F 1-2: Ball 2-2: Ball 3-2: Fly out, F7 (Flyball, 78M, EV 92.5 MPH)
|
Batting: RHB Marlin McPhail
|
0-0: Fly out, F8 (Line Drive, 8LM, EV 92.5 MPH)
|
Batting: RHB Matt Cimo
|
0-0: Called Strike 0-1: Ball 1-1: Foul Ball, location: 2F 1-2: Fly out, F7 (Line Drive, 7, EV 93.1 MPH)
|
Bottom of the 3rd over - 0 runs, 0 hits, 0 errors, 0 left on base; Bozeman 10 - Magic Valley 1 |
TOP OF THE 4TH |
Bozeman Pheasants batting - Pitching for Magic Valley Magicians : RHP Kevin Aitcheson
|
Batting: LHB Billy Fink
|
0-0: Called Strike 0-1: Ball 1-1: Swinging Strike 1-2: Foul Ball, location: 2F 1-2: Ball 2-2: Ball 3-2: Foul Ball, location: 2F 3-2: SINGLE (Line Drive, 8RM, EV 98.1 MPH)
|
Batting: RHB Tom Duggan
|
0-0: Ball 1-0: Called Strike 1-1: Called Strike 1-2: Foul Ball, location: 2F 1-2: Fielders Choice at 2nd, 3-6 (Groundball, 3S, EV 92.5 MPH)
|
Batting: RHB Greg Toler
|
0-0: Swinging Strike 0-1: Called Strike 0-2: Ball 1-2: Strikes out looking
|
Pitching: RHP Ron Batter
|
|
Batting: RHB John Duncan
|
0-0: Called Strike 0-1: Called Strike 0-2: SINGLE (Line Drive, 9LS, EV 108.8 MPH) Tom Duggan to second
|
Batting: LHB Kal Daniels
|
0-0: Ball 1-0: Ball 2-0: Ball 3-0: Base on Balls Tom Duggan to third John Duncan to second
|
Batting: SHB Marlin Methven
|
0-0: Called Strike 0-1: Ball Wild Pitch! Tom Duggan scores John Duncan to third Kal Daniels to second 1-1: Ball 2-1: Ball 3-1: Base on Balls
|
Batting: LHB Fred McGriff
|
0-0: Ball 1-0: SINGLE (Line Drive, 7S, EV 101.3 MPH) John Duncan scores Kal Daniels to third Marlin Methven to second Runner from 3rd tries for Home, SAFE, throw by LF to home
|
Batting: RHB Terry McGriff
|
0-0: Fly out, F8 (Flyball, 8RXD, EV 95.6 MPH)
|
Top of the 4th over - 3 runs, 3 hits, 0 errors, 2 left on base; Bozeman 13 - Magic Valley 1 |
BOTTOM OF THE 4TH |
Magic Valley Magicians batting - Pitching for Bozeman Pheasants : RHP Tim Dodd
|
Batting: RHB Jason Felice
|
0-0: Called Strike 0-1: SOLO HOME RUN (Flyball, 89XD, EV 106.3 MPH), Distance : 435 ft
|
Batting: RHB Terry Steinbach
|
0-0: Called Strike 0-1: Fly out, F8 (Flyball, 8RXD, EV 86.3 MPH)
|
Batting: RHB Kevin Ward
|
0-0: Called Strike 0-1: Called Strike 0-2: Hit by Pitch
|
Batting: RHB Hank Landers
|
0-0: Called Strike Kevin Ward steals 2nd base (no throw) 0-1: Swinging Strike 0-2: Strikes out swinging
|
Batting: RHB Terry Edwards
|
0-0: Ball 1-0: Foul Ball, location: 2F 1-1: SINGLE (Groundball, 56D, EV 106.3 MPH) Kevin Ward to third Runner from 3rd tries for Home, SAFE, throw by LF to home Terry Edwards to second
|
Batting: RHB Kenny Houp
|
0-0: Ball 1-0: Called Strike 1-1: Foul Ball, location: 2F 1-2: Ball 2-2: SINGLE (Groundball, 4MD, EV 97.5 MPH) Terry Edwards to third Runner from 3rd tries for Home, SAFE, throw by CF to home
|
Batting: RHB Willie Lozado
|
0-0: Called Strike 0-1: Ball 1-1: Foul Ball, location: 2F 1-2: Ball 2-2: Ground out 3-1 (Groundball, 3S, EV 65.0 MPH)
|
Bottom of the 4th over - 3 runs, 3 hits, 0 errors, 1 left on base; Bozeman 13 - Magic Valley 4 |
TOP OF THE 5TH |
Bozeman Pheasants batting - Pitching for Magic Valley Magicians : RHP Ron Batter
|
Batting: LHB Russ Orrick
|
0-0: Ground out 4-3 (Groundball, 4M, EV 85.0 MPH)
|
Batting: LHB Billy Fink
|
0-0: Called Strike 0-1: Ball 1-1: Foul Ball, location: 2F 1-2: Foul Ball, location: 2F 1-2: Foul Ball, location: 2F 1-2: Ball 2-2: Fly out, F8 (Flyball, 8LD, EV 82.5 MPH)
|
Batting: RHB Tom Duggan
|
0-0: Called Strike 0-1: Ground out 4-3 (Groundball, 4, EV 106.9 MPH)
|
Top of the 5th over - 0 runs, 0 hits, 0 errors, 0 left on base; Bozeman 13 - Magic Valley 4 |
BOTTOM OF THE 5TH |
Magic Valley Magicians batting - Pitching for Bozeman Pheasants : RHP Tim Dodd
|
Batting: RHB Marlin McPhail
|
0-0: Ball 1-0: DOUBLE (Line Drive, 78D, EV 111.9 MPH)
|
Batting: RHB Matt Cimo
|
0-0: Ball 1-0: Ball Passed Ball! Marlin McPhail to third 2-0: Called Strike 2-1: SINGLE (Groundball, 6MD, EV 98.1 MPH) Marlin McPhail scores
|
Batting: RHB Jason Felice
|
0-0: Foul Ball, location: 2F 0-1: Ball 1-1: DOUBLE (Line Drive, 89XD, EV 108.8 MPH) Matt Cimo to third
|
Batting: RHB Terry Steinbach
|
0-0: Called Strike 0-1: Ground out 6-3 (Groundball, 56, EV 88.8 MPH) Matt Cimo scores
|
Pitching: RHP Fernando Gonzalez
|
|
Batting: RHB Kevin Ward
|
0-0: Ball 1-0: Called Strike Jason Felice steals 3rd base (no throw) 1-1: Swinging Strike 1-2: Fly out, F8 (Flyball, 89M, EV 84.4 MPH) Runner from 3rd tags up, SCORES, no throw by CF
|
Batting: RHB Hank Landers
|
0-0: Fly out, F9 (Flyball, 9D, EV 78.1 MPH)
|
Bottom of the 5th over - 3 runs, 3 hits, 0 errors, 0 left on base; Bozeman 13 - Magic Valley 7 |
TOP OF THE 6TH |
Bozeman Pheasants batting - Pitching for Magic Valley Magicians : RHP Ron Batter
|
Batting: RHB Greg Toler
|
0-0: Ball 1-0: Called Strike 1-1: Ball 2-1: SINGLE (Groundball, 6M, EV 105.6 MPH)
|
Batting: RHB John Duncan
|
0-0: Called Strike 0-1: Foul Ball, location: 2F 0-2: SINGLE (Groundball, 34D, EV 93.8 MPH) Greg Toler to second Runner from 2nd tries for 3rd, SAFE, throw by RF made to third
|
Batting: LHB Kal Daniels
|
0-0: Ball 1-0: Ball 2-0: Ball 3-0: Called Strike 3-1: Base on Balls John Duncan to second
|
Batting: SHB Marlin Methven
|
0-0: Called Strike 0-1: Ball 1-1: Ball 2-1: Foul Ball, location: 2F 2-2: Fielders Choice at 2nd, 4-6 (Groundball, 4, EV 78.8 MPH) Greg Toler scores John Duncan to third
|
Batting: LHB Fred McGriff
|
0-0: SINGLE (Line Drive, 9S, EV 88.1 MPH) John Duncan scores Marlin Methven to second
|
Batting: RHB Terry McGriff
|
0-0: Called Strike 0-1: Called Strike 0-2: Foul Ball, location: 2F 0-2: SINGLE (Flyball, 6D, EV 88.8 MPH) Marlin Methven to third Fred McGriff to second
|
Batting: LHB Russ Orrick
|
0-0: Ball 1-0: Ball 2-0: Foul Ball, location: 2F 2-1: DOUBLE (Line Drive, 9LS, EV 90.0 MPH) Marlin Methven scores Fred McGriff scores Terry McGriff to third
|
Pitching: RHP Larry Beardman
|
|
Batting: LHB Billy Fink
|
0-0: TRIPLE (Flyball, 89XD, EV 95.6 MPH) Terry McGriff scores Russ Orrick scores
|
Batting: RHB Tom Duggan
|
0-0: Called Strike 0-1: Swinging Strike 0-2: SINGLE (Line Drive, 89S, EV 98.1 MPH) Billy Fink scores
|
Batting: RHB Greg Toler
|
0-0: Ball 1-0: Ball 2-0: Ball Pickoff Throw by Catcher to First - Error! E2 Tom Duggan to second 3-0: Base on Balls
|
Batting: RHB John Duncan
|
0-0: Ball 1-0: Called Strike 1-1: Swinging Strike 1-2: Ball 2-2: Ball 3-2: Fly out, F9 (Flyball, 9LM, EV 93.1 MPH) Runner from 2nd tags up, SAFE at 3rd, no throw by RF
|
Batting: LHB Kal Daniels
|
0-0: Ball 1-0: Foul Ball, location: 2F 1-1: Foul Ball, location: 2F 1-2: Ball 2-2: Foul Ball, location: 2F 2-2: SINGLE (Flyball, 3D, EV 88.1 MPH) Tom Duggan scores Greg Toler to second
|
Batting: SHB Marlin Methven
|
0-0: Ball 1-0: Foul Ball, location: 2F 1-1: Called Strike 1-2: Ball 2-2: Ball 3-2: Foul Ball, location: 2F 3-2: Foul Ball, location: 2F 3-2: Foul Ball, location: 2F 3-2: Strikes out swinging
|
Top of the 6th over - 8 runs, 8 hits, 1 error, 2 left on base; Bozeman 21 - Magic Valley 7 |
BOTTOM OF THE 6TH |
Magic Valley Magicians batting - Pitching for Bozeman Pheasants : RHP Fernando Gonzalez
|
Batting: RHB Terry Edwards
|
0-0: Foul Ball, location: 2F 0-1: Swinging Strike 0-2: SINGLE (Groundball, 34D, EV 96.3 MPH)
|
Batting: RHB Kenny Houp
|
0-0: Ball 1-0: Grounds into double play, 6-4-3 (Groundball, 6, EV 109.4 MPH)
|
Batting: RHB Willie Lozado
|
0-0: Ball 1-0: Ground out 1-3 (Groundball, 34S, EV 65.0 MPH)
|
Bottom of the 6th over - 0 runs, 1 hit, 0 errors, 0 left on base; Bozeman 21 - Magic Valley 7 |
TOP OF THE 7TH |
Bozeman Pheasants batting - Pitching for Magic Valley Magicians : RHP Larry Beardman
|
Pinch Hitting: RHB Miguel Lopez
|
0-0: Ball 1-0: Foul Ball, location: 2F 1-1: Foul Ball, location: 2F 1-2: Foul Ball, location: 2F 1-2: Strikes out swinging, 2-3 out at first.
|
Batting: RHB Terry McGriff
|
0-0: SINGLE (Line Drive, 78S, EV 103.8 MPH)
|
Batting: LHB Russ Orrick
|
0-0: Foul Ball, location: 2F 0-1: Foul Ball, location: 2F 0-2: Ball 1-2: Fielders Choice at 2nd, 1-6 (Groundball, 13, EV 66.3 MPH)
|
Pinch Hitting: SHB Charles Penigar
|
0-0: Ball 1-0: Called Strike 1-1: Ball 2-1: Fly out, F7 (Flyball, 7LM, EV 91.3 MPH)
|
Top of the 7th over - 0 runs, 1 hit, 0 errors, 1 left on base; Bozeman 21 - Magic Valley 7 |
BOTTOM OF THE 7TH |
Magic Valley Magicians batting - Pitching for Bozeman Pheasants : RHP Fernando Gonzalez
|
Now at SS: Miguel Lopez
|
|
Now in CF: Charles Penigar
|
|
Pinch Hitting: RHB Manny Ramirez
|
0-0: Foul Ball, location: 2F 0-1: Ball 1-1: Ball 2-1: Called Strike 2-2: Ball 3-2: Foul Ball, location: 2F 3-2: Base on Balls
|
Pinch Hitting: RHB Fred Bogart
|
0-0: Called Strike 0-1: Ball 1-1: Ball 2-1: Grounds into double play, 4-6-3 (Groundball, 34, EV 110.0 MPH)
|
Pitching: RHP Jim Gott
|
|
Batting: RHB Jason Felice
|
0-0: Ball 1-0: Foul Ball, location: 2F 1-1: Ball 2-1: Fly out, F4 (Flyball, 4D, EV 88.1 MPH)
|
Bottom of the 7th over - 0 runs, 0 hits, 0 errors, 0 left on base; Bozeman 21 - Magic Valley 7 |
TOP OF THE 8TH |
Bozeman Pheasants batting - Pitching for Magic Valley Magicians : RHP Larry Beardman
|
Now at 2B: Fred Bogart
|
|
Now in LF: William Wiesler
|
|
Pinch Hitting: RHB Frank Moscat
|
0-0: Foul Ball, location: 2F 0-1: Ball 1-1: Ball 2-1: Ball 3-1: Base on Balls
|
Pitching: RHP Peter Beattie
|
|
Pinch Hitting: RHB Eduard Rodriguez
|
0-0: Ball 1-0: Called Strike 1-1: Swinging Strike 1-2: Ball 2-2: Strikes out swinging
|
Batting: RHB John Duncan
|
0-0: Fly out, F4 (Flyball, 4MD, EV 74.4 MPH)
|
Pinch Hitting: RHB Willie Picchioni
|
0-0: Foul Ball, location: 2F 0-1: Ball 1-1: Swinging Strike 1-2: Foul Ball, location: 2F 1-2: Foul Ball, location: 2F 1-2: Strikes out looking
|
Top of the 8th over - 0 runs, 0 hits, 0 errors, 1 left on base; Bozeman 21 - Magic Valley 7 |
BOTTOM OF THE 8TH |
Magic Valley Magicians batting - Pitching for Bozeman Pheasants : RHP Jim Gott
|
Now at 1B: Eurico Perez
|
|
Now at 3B: Willie Picchioni
|
|
Now in RF: Jay Lewis
|
|
Pinch Hitting: SHB Bernardo Howard
|
0-0: Ball 1-0: Foul Ball, location: 2F 1-1: Ball 2-1: SINGLE (Groundball, 23, EV 71.9 MPH) (infield hit)
|
Batting: RHB Kevin Ward
|
0-0: Ball 1-0: Ball 2-0: Fly out, F4 (Popup, 4S, EV 68.1 MPH)
|
Pinch Hitting: LHB Thomas Robinson
|
0-0: Foul Ball, location: 2F 0-1: Fielders Choice at 2nd, 5-4 (Groundball, 5, EV 86.3 MPH)
|
Batting: RHB Terry Edwards
|
0-0: Swinging Strike 0-1: Called Strike 0-2: SINGLE (Groundball, P, EV 86.3 MPH) (infield hit) Thomas Robinson to second
|
Batting: RHB Kenny Houp
|
0-0: Called Strike 0-1: Ball 1-1: Ball 2-1: Ball 3-1: Fielders Choice at 2nd, 5-4 (Groundball, 5, EV 101.9 MPH)
|
Bottom of the 8th over - 0 runs, 2 hits, 0 errors, 2 left on base; Bozeman 21 - Magic Valley 7 |
TOP OF THE 9TH |
Bozeman Pheasants batting - Pitching for Magic Valley Magicians : RHP Peter Beattie
|
Now at 1B: Bradley DeKraai
|
|
Now at 3B: Bernardo Howard
|
|
Pinch Hitting: RHB James Davis
|
0-0: Swinging Strike 0-1: Ball 1-1: Ball 2-1: Swinging Strike 2-2: Ball 3-2: Ground out 6-3 (Groundball, 6, EV 110.0 MPH)
|
Batting: RHB Miguel Lopez
|
0-0: SINGLE (Groundball, 6MD, EV 99.4 MPH)
|
Batting: RHB Terry McGriff
|
0-0: Called Strike 0-1: Called Strike 0-2: Ball 1-2: Strikes out swinging
|
Pinch Hitting: SHB Ronnie Jones
|
0-0: Called Strike 0-1: Ball 1-1: Ball 2-1: Foul Ball, location: 2F 2-2: Ground out 4-3 (Groundball, 34D, EV 110.6 MPH)
|
Top of the 9th over - 0 runs, 1 hit, 0 errors, 1 left on base; Bozeman 21 - Magic Valley 7 |
BOTTOM OF THE 9TH |
Magic Valley Magicians batting - Pitching for Bozeman Pheasants : RHP Jim Gott
|
Now at 1B: Martin Baier
|
|
Now at 2B: James Davis
|
|
Batting: RHB Willie Lozado
|
0-0: Swinging Strike 0-1: Foul Ball, location: 2F 0-2: Ball 1-2: Ball 2-2: Ground out 2-3 (Groundball, 13S, EV 70.0 MPH)
|
Batting: SHB William Wiesler
|
0-0: Called Strike 0-1: Foul Ball, location: 2F 0-2: Fly out, F7 (Flyball, 7LS, EV 81.3 MPH)
|
Batting: RHB Fred Bogart
|
0-0: Foul Ball, location: 2F 0-1: Foul Ball, location: 2F 0-2: Ball 1-2: Foul Ball, location: 2F 1-2: Ball 2-2: Strikes out swinging
|
Bottom of the 9th over - 0 runs, 0 hits, 0 errors, 0 left on base; Bozeman 21 - Magic Valley 7 |
|